 Dungeon Crawl Stone Soup version 0.28.0-53-g5a82cb258f (webtiles) character file.

Game seed: 18368838952479781868

271 Tirrikindir the Slasher (level 6, -2/43 HPs)
             Began as an Octopode Fighter on Aug 11, 2022.
             Slain by a gnoll
             ... wielding a +0 halberd
              (11 damage)
             ... on level 3 of the Dungeon.
             The game lasted 00:05:14 (2984 turns).

Tirrikindir the Slasher (Octopode Fighter)          Turns: 2984, Time: 00:05:15

Health: -2/43      AC:  1    Str: 15    XL:     6   Next: 23%
Magic:  6/6        EV: 13    Int: 11    God:
Gold:   122        SH:  5    Dex: 13    Spells: 5/5 levels left

rFire   . . .      SeeInvis .   a - +2 long sword
rCold   . . .      Faith    .   b - +0 buckler
rNeg    . . .      Spirit   .   (helmet restricted)
rPois   .          Reflect  .   (no amulet)
rElec   .          Harm     .   (no ring)
rCorr   .          Rampage  .   (no ring)
Will    .....      Rage     3%  (no ring)
Stlth   +++.......              (no ring)
HPRegen 0.14/turn               (no ring)
MPRegen 0.10/turn               (no ring)
                                (no ring)
                                (no ring)

@: no status effects
A: almost no armour, amphibious, 8 rings, camouflage 1, gelatinous body 1,
(nimble swimmer 1), tentacles, berserk 2
a: no special abilities


You were on level 3 of the Dungeon.
You visited 1 branch of the dungeon, and saw 3 of its levels.

You collected 122 gold pieces.

Inventory:

Hand Weapons
 a - a +2 long sword (weapon)
Missiles
 e - 11 poisoned darts (quivered)
Armour
 b - a +0 buckler (worn)
Wands
 f - a wand of mindburst (6)
Scrolls
 g - a scroll of noise {unknown}
Potions
 c - a potion of might
 d - a potion of haste
 h - a potion of attraction {unknown}


   Skills:
 + Level 3.8 Fighting
 * Level 4.0 Long Blades
 + Level 3.8 Dodging
 + Level 3.3 Stealth
 + Level 3.8 Shields


You had 5 spell levels left.
You didn't know any spells.
Your spell library was empty.

Dungeon Overview and Level Annotations

Branches:
Dungeon (3/15)

Altars:


Innate Abilities, Weirdness & Mutations

You cannot wear most types of armour.
You are amphibious.
You can wear up to eight rings at the same time.
Your skin changes colour to match your surroundings (Stealth+).
Your rubbery body absorbs attacks. (AC +1, EV +1)
((You are camouflaged when in or above water. (Stealth+)))
You have tentacles for arms and can constrict up to eight enemies at once.
You often lose your temper in combat.


Message History

f - a wand of mindburst (6)
The gnoll shouts!
You hear a shout!
You start resting.
A gnoll is nearby!
You closely miss the gnoll. You grab the gnoll. You squeeze the gnoll!
The gnoll is heavily wounded.
You constrict the gnoll. The gnoll hits you with a +0 whip.
You hit the gnoll.
You kill the gnoll!
You start resting.
A gnoll is nearby!
The gnoll shouts!
You hear a shout!
The gnoll shouts!
You block the gnoll's attack.
You hear an angry hiss.
Things that are here:
a +0 whip; a gnoll corpse You barely miss the gnoll.
Your grab misses the gnoll. Your squeeze misses the gnoll.
The gnoll hits you from afar with a +0 halberd!
The gnoll closely misses you.
There is a stone staircase leading up here.
You climb upwards.
There is a stone staircase leading down here.
You start resting.
HP restored.
You climb downwards.
The gnoll misses you. The gnoll hits you with a +0 whip!
The gnoll hits you from afar with a +0 halberd.
There is a stone staircase leading up, spattered with blood here.
You hit the gnoll. You grab the gnoll. You squeeze the gnoll!
The gnoll is almost dead.
You constrict the gnoll, but do no damage.
You block the gnoll's attack.
The gnoll hits you from afar with a +0 halberd!
You slash the gnoll!
You kill the gnoll!
The gnoll hits you from afar with a +0 halberd.
* * * LOW HITPOINT WARNING * * *
Your Long Blades skill increases to level 4!
The gnoll hits you from afar with a +0 halberd!
You die...

..........##.#
#.##.#####
##.######.#### #....#
#.#....#.# #..#.#
#.#.##.#.# #..#.#
#.#.##.#.# #..#.#
#.#..#.#.# #..#.# ###
###
#.####.#.#.####..###
#.. ..## #......#
#......)g.# #.####.##
######## #.####@.#.#
# #....#.## #.....#g#
#.#..#...## #.###.#.#
#.##.#.#g.. #.# #.#g#
#......#.##
#.###.#.#.###.####.##
#.....#.#........)g##
#######.#####.#######
............g.#
.########.#####


You could see a gnoll.

Vanquished Creatures
  A necrophage (D:3)
  Jessica (D:3)
  Ijyb (D:3)
  Natasha (D:3)
  4 adders
  2 gnolls (D:3)
  2 worms
  7 endoplasms
  3 giant cockroaches
  5 goblins
  5 hobgoblins
  A quokka (D:1)
  4 ball pythons (D:1)
  2 bats
  2 frilled lizards (D:2)
  4 kobolds
  9 rats
54 creatures vanquished.

Notes
Turn   | Place    | Note
-------+----------+-------------------------------------------
     0 | D:1      | Tirrikindir the Octopode Fighter began the quest for the
                  | Orb.
     0 | D:1      | Reached XP level 1. HP: 16/16 MP: 1/1
   118 | D:1      | Reached XP level 2. HP: 18/21 MP: 2/2
   237 | D:1      | Reached skill level 1 in Stealth
   644 | D:2      | Reached XP level 3. HP: 19/26 MP: 3/3
   848 | D:2      | Found a faded altar of an unknown god.
  1731 | D:2      | Reached XP level 4. HP: 27/31 MP: 4/4
  2143 | D:3      | Reached skill level 3 in Long Blades
  2299 | D:3      | Gained mutation: You tend to lose your temper in combat.
                  | [potion of mutation]
  2299 | D:3      | Gained mutation: You often lose your temper in combat.
                  | [potion of mutation]
  2319 | D:3      | Noticed Natasha
  2326 | D:3      | Killed Natasha
  2519 | D:3      | Noticed a necrophage
  2528 | D:3      | Killed a necrophage
  2529 | D:3      | Reached XP level 5. HP: 36/36 MP: 5/5
  2650 | D:3      | Noticed Jessica
  2657 | D:3      | Killed Jessica
  2658 | D:3      | Reached XP level 6. HP: 43/43 MP: 6/6
  2734 | D:3      | Noticed Ijyb
  2747 | D:3      | Killed Ijyb
  2984 | D:3      | Reached skill level 4 in Long Blades
  2984 | D:3      | Slain by a gnoll

Illustrated notes

Levels and vault maps discovered:
D:1:      psy_arrival_basics, layout_loops_ring
D:2:      layout_basic, hellmonk_ecumenical_altar_leap_of_faith,
          grunt_ministairs_10, minmay_split_cup_large
D:3:      layout_basic, serial_curves, eino_curves_02, eino_curves_03,
          minmay_circle_x, uniq_natasha, uniq_jessica, uniq_ijyb

Skill      XL: |  1  2  3  4  5  6 |
---------------+-------------------+-----
Stealth        | 1 2 3 |  3.3
Long Blades    | 3 4 |  4.0
Fighting       | |  3.8
Dodging        | |  3.8
Shields        | |  3.8

Action                   |  1- 3 |  4- 6 || total
-------------------------+-------+-------++-------
Melee: Long sword        |    59 |    43 ||   102
       Constrict         |    13 |     9 ||    22
       Tentacles         |     9 |    10 ||    19
       Punch             |     1 |       ||     1
  Use: Scroll            |     5 |       ||     5
       Potion            |     2 |     2 ||     4
 Stab: Sleeping          |    10 |     8 ||    18
Armor: Skin              |     1 |     1 ||     2
Dodge: Dodged            |    29 |    22 ||    51
Block: Buckler           |    11 |    10 ||    21
